 Dungeon Sprint DCSS version 0.23.2-40-g277498a001 (webtiles) character file.

Game seed: 15398401626101505434

5399 Cryoshakespeare the Envoy of Void (level 10, -4/101 HPs)
             Began as a Hill Orc Abyssal Knight on Sept 23, 2019.
             Was a High Priest of Lugonu.
             Killed from afar by a catoblepas (8 damage)
             ... with a blast of calcifying dust
             ... in the Dungeon (Sprint IX: "|||||||||||||||||||||||||||||").
             The game lasted 00:06:48 (1640 turns).

Cryoshakespeare the Envoy of Void (HOAK)            Turns: 1640, Time: 00:06:49

Health: -4/101     AC: 17    Str: 19    XL:     10   Next: 66%
Magic:  4/20       EV: 12    Int: 12    God:    Lugonu [*****.]
Gold:   0          SH:  0    Dex: 13    Spells: 9/9 levels left

rFire    . . .     SeeInvis .   m - +3 broad axe (flame)
rCold    . . .     Gourm    .   (no shield)
rNeg     . . .     Faith    .   n - +1 chain mail
rPois    .         Spirit   .   (no helmet)
rElec    .         Reflect  .   (no cloak)
rCorr    .         Harm     .   (no gloves)
MR       .....     NoTele   +   a - +0 pair of boots
Stlth    ..........             (no amulet)
HPRegen  0.26/turn              o - +2 ring of protection
MPRegen  0.17/turn              p - +3 ring of dexterity

@: no status effects
A: no striking features
a: Bend Space, Banish, Corrupt, Renounce Religion


You were in the Dungeon.
You worshipped Lugonu.
Lugonu was extremely pleased with you.
You were near starving.

You visited 1 branch

Inventory:

Hand Weapons
 m - a +3 broad axe of flaming (weapon)
Armour
 a - a +0 pair of boots (worn)
 b - a +0 leather armour
 n - a +1 chain mail (worn)
Jewellery
 o - a +2 ring of protection (left hand)
 p - a +3 ring of dexterity (right hand)
Wands
 l - a wand of iceblast (10)
Scrolls
 i - 3 scrolls of blinking
 j - 4 scrolls of remove curse
 k - 2 scrolls of amnesia
 s - 2 scrolls of fear
 t - 2 scrolls of fog
Potions
 d - 5 potions of curing
 f - 2 potions of haste
 g - 3 potions of magic
 h - a potion of invisibility
 q - a potion of berserk rage
 r - a potion of brilliance


   Skills:
 + Level 13.4 Fighting
 + Level 14.2 Axes
 + Level 12.2 Armour
 + Level 9.6 Dodging
 + Level 14.2 Invocations


You had 9 spell levels left.
You didn't know any spells.
Your spell library was empty.

Dungeon Overview and Level Annotations

Branches:
Dungeon (1/1)

Altars:
Cheibriados
Dithmenos
Elyvilon
Fedhas
Gozag
Hepliaklqana
Kikubaaqudgha
Makhleb
Nemelex Xobeh
Okawaru
Qazlal
Ru
Sif Muna
Trog
Uskayaw
Vehumet
Wu Jian
Xom
Yredelemnul
Zin
The Shining One
Beogh
Jiyva
Lugonu


Message History

The death yak easily resists.
You are feeling very hungry.
The death yak gores you but does no damage.
Unknown command.
Press: ? - help, Shift-Dir - straight line, f/p - death yak
Aim: a death yak (moderately wounded, chance to defeat MR: 27%)
The death yak easily resists.
You feel somewhat more hungry.
The death yak gores you but does no damage.
Unknown command.
Press: ? - help, Shift-Dir - straight line, f/p - death yak
Aim: a death yak (moderately wounded, chance to defeat MR: 27%)
The death yak easily resists.
You are near starving!
The death yak gores you!
* * * LOW HITPOINT WARNING * * *
The catoblepas breathes a plume of calcifying dust at you.
The blast of calcifying dust hits the yak!
The blast of calcifying dust hits the death yak but does no damage.
The blast of calcifying dust hits you!
You die...

▓▓▓▓▓▓▓▓▓▓▓▓▓▓▓▓▓▓▓▓▓▓▓▓▓▓▓▓▓▓▓▓▓
....['...[.)|..'_________________
▓▓▓▓▓▓▓▓▓▓▓▓▓▓▓▓▓▓▓▓▓▓▓▓▓▓▓▓▓▓▓▓▓
.......†.........................
▓▓▓▓▓▓▓▓▓▓▓▓▓▓▓▓▓▓▓▓▓▓▓▓▓▓▓▓▓▓▓▓▓
.YYYYYYY@........÷.......
▓▓▓▓▓▓▓▓▓▓▓▓▓▓▓▓▓▓▓▓▓▓▓▓▓


You could see a death yak and a yak.

Vanquished Creatures
  A hydra (D)
  A catoblepas (D)
  A death yak (D)
  An elephant (D)
  A komodo dragon (D)
  A wyvern (D)
  A yak (D)
  A porcupine (D)
  2 water moccasins (D)
  A centaur (D)
  An ogre (D)
  3 bullfrogs (D)
  A howler monkey (D)
  2 crimson imps (D)
  A gnoll shaman (D)
  2 worker ants (D)
  An adder (D)
  An adder zombie (D)
  A leopard gecko (D)
  A hobgoblin (D)
  A jackal (D)
  A kobold (D)
  A frilled lizard (D)
  A rat (D)
29 creatures vanquished.

Vanquished Creatures (others)
  A catoblepas (D)
  An ugly thing (D)
  A black mamba (D)
  2 rime drakes (D)
  A komodo dragon (D)
  A troll (D)
  A hornet (D)
  2 hippogriffs (D)
  A yak (D)
  A soldier ant (D)
12 creatures vanquished.

Grand Total: 41 creatures vanquished

Notes
Turn   | Place    | Note
-------+----------+-------------------------------------------
     0 | D        | Cryoshakespeare the Hill Orc Abyssal Knight began the quest
                  | for the Orb.
     0 | D        | Reached XP level 1. HP: 19/19 MP: 2/2
    13 | D        | Reached skill level 1 in Dodging
    14 | D        | Reached ** piety under Lugonu
    21 | D        | Reached XP level 2. HP: 14/27 MP: 2/4
   160 | D        | Noticed a crimson imp
   160 | D        | Noticed an ogre
   170 | D        | Killed an ogre
   170 | D        | Reached *** piety under Lugonu
   170 | D        | Reached skill level 5 in Fighting
   170 | D        | Reached skill level 5 in Axes
   170 | D        | Reached skill level 5 in Invocations
   170 | D        | Reached XP level 3. HP: 37/37 MP: 5/7
   170 | D        | Reached XP level 4. HP: 44/44 MP: 5/8
   179 | D        | Reached skill level 5 in Armour
   179 | D        | Reached XP level 5. HP: 32/51 MP: 5/9
   181 | D        | Reached **** piety under Lugonu
   337 | D        | Found a roughly hewn altar of Beogh.
   337 | D        | Found a snail-covered altar of Cheibriados.
   337 | D        | Found a shadowy altar of Dithmenos.
   337 | D        | Found a white marble altar of Elyvilon.
   337 | D        | Found a blossoming altar of Fedhas.
   337 | D        | Found an opulent altar of Gozag.
   338 | D        | Found a hazy altar of Hepliaklqana.
   339 | D        | Found a viscous altar of Jiyva.
   340 | D        | Found an ancient bone altar of Kikubaaqudgha.
   341 | D        | Found a corrupted altar of Lugonu.
   342 | D        | Found a burning altar of Makhleb.
   343 | D        | Found a sparkling altar of Nemelex Xobeh.
   344 | D        | Found an iron altar of Okawaru.
   345 | D        | Found a stormy altar of Qazlal.
   346 | D        | Found a sacrificial altar of Ru.
   347 | D        | Found a deep blue altar of Sif Muna.
   348 | D        | Found a bloodstained altar of Trog.
   349 | D        | Found a hide-covered altar of Uskayaw.
   350 | D        | Found a radiant altar of Vehumet.
   351 | D        | Found an ornate altar of the Wu Jian Council.
   352 | D        | Found a shimmering altar of Xom.
   353 | D        | Found a basalt altar of Yredelemnul.
   354 | D        | Found a glowing silver altar of Zin.
   355 | D        | Found a glowing golden altar of the Shining One.
   401 | D        | Noticed a yak
   406 | D        | Banished a yak
   406 | D        | Reached XP level 6. HP: 38/60 MP: 11/11
   414 | D        | Reached skill level 5 in Dodging
   415 | D        | Reached ***** piety under Lugonu
   538 | D        | Noticed a catoblepas
   538 | D        | Noticed a green ugly thing
   538 | D        | Noticed a troll
   538 | D        | Noticed a soldier ant
   538 | D        | Noticed a hornet
   539 | D        | Banished a hornet
   539 | D        | Reached XP level 7. HP: 69/69 MP: 13/13
   545 | D        | Banished a soldier ant
   549 | D        | Banished a troll
   612 | D        | Banished a green ugly thing
   612 | D        | Reached skill level 10 in Axes
   612 | D        | Reached skill level 10 in Invocations
   612 | D        | Reached XP level 8. HP: 51/79 MP: 7/15
   739 | D        | Banished a catoblepas
   739 | D        | Reached skill level 10 in Fighting
   893 | D        | Noticed a hippogriff
   893 | D        | Noticed a yak
   893 | D        | Noticed a rime drake
   901 | D        | Noticed a black mamba
   905 | D        | Banished a rime drake
   915 | D        | Killed a yak
   915 | D        | Reached skill level 10 in Armour
   915 | D        | Reached XP level 9. HP: 32/89 MP: 9/17
   931 | D        | Banished a black mamba
  1230 | D        | Noticed a rime drake
  1230 | D        | Noticed a death yak
  1230 | D        | Noticed a komodo dragon
  1230 | D        | Noticed a komodo dragon
  1233 | D        | Killed a komodo dragon
  1237 | D        | Noticed an elephant
  1243 | D        | Killed a death yak
  1246 | D        | Banished a komodo dragon
  1246 | D        | Reached XP level 10. HP: 35/99 MP: 10/19
  1246 | D        | Noticed a six-headed hydra
  1339 | D        | Killed an elephant
  1344 | D        | Killed a one-headed hydra
  1592 | D        | Noticed a catoblepas
  1592 | D        | Noticed a death yak
  1592 | D        | Noticed a catoblepas
  1594 | D        | Noticed a catoblepas
  1613 | D        | Killed a catoblepas
  1613 | D        | Reached ****** piety under Lugonu
  1620 | D        | Noticed a catoblepas
  1640 | D        | HP: 4/101 [death yak (9)]
  1640 | D        | Killed from afar by a catoblepas

Skill      XL: |  1  2  3  4  5  6  7  8  9 10 |
---------------+-------------------------------+-----
Axes           | 3 5 6 7 9 10 11 13 14 | 14.2
Dodging        | 1 3 4 5 6 7 8 9 |  9.6
Fighting       | 4 5 6 7 8 9 11 12 13 | 13.4
Invocations    | 3 5 6 7 8 10 11 13 14 | 14.2
Armour         | 4 5 6 7 8 10 11 12 | 12.2

Action                   |  1- 3 |  4- 6 |  7- 9 | 10-12 || total
-------------------------+-------+-------+-------+-------++-------
Melee: Hand axe          |    27 |    11 |       |       ||    38
       Broad axe         |       |    13 |    47 |    32 ||    92
Invok: Banish            |       |     1 |    14 |     7 ||    22
  Use: Potion            |     1 |       |     5 |     1 ||     7
       Scroll            |       |       |     2 |       ||     2
  Eat: Chunk             |       |       |     2 |     2 ||     4
       Ration            |       |       |     1 |       ||     1
Armor: Leather armour    |     4 |     1 |       |       ||     5
       Chain mail        |       |     3 |    21 |    22 ||    46
Dodge: Dodged            |    11 |    10 |    33 |    17 ||    71
